 Dungeon Crawl Stone Soup version 0.31-a0-1096-g246cf0196b (webtiles) character file.

Game seed: 12064783844968736791

1534246 Ge0ff the Demonic Blade (level 26, 211/211 HPs)
             Began as a Demonspawn Artificer on Nov 28, 2023.
             Was the Champion of Okawaru.
             Escaped with the Orb
             ... and 3 runes on Nov 29, 2023!
             The game lasted 03:06:24 (84414 turns).

Ge0ff the Demonic Blade (Demonspawn Artificer)     Turns: 84414, Time: 03:06:25

Health: 211/211    AC: 39    Str: 26    XL:     26   Next: 67%
Magic:  37/37      EV: 16    Int: 18    God:    Okawaru [******]
Gold:   6352       SH: 18    Dex: 27    Spells: 29/45 levels left

rFire   + + .        a - +8 autumn katana {manifold assault}
rCold   + + .        L - +2 shield of Resistance {rF++ rC++ Will++}
rNeg    + . .        x - +13 plate armour of Light {Fly Regen+ Stlth-}
rPois   +            Q - +1 hat of the Poles {Will+ Str+4}
rElec   +            U - +2 cloak {rPois}
rCorr   .            D - +3 pair of gauntlets of War {Slay+5}
SInv    +            (boots unavailable)
Will    ++++.        i - amulet "Soefy" {Spirit Str+6 Int-3 Dex+4} Stlth
                     G - ring "Eteah" {Wiz rElec SInv, =R}
HPRegen 1.35/turn    e - ring "Giytux Qenu" {rN+ Dex+3 Slay+4}
MPRegen 0.25/turn

%: guardian spirit, wizardry (x2)
@: flying, studying 2 skills
A: hooves 3, (demonic guardian 3), foul stench 3, black mark, big brain 3,
bedeviling, aura of silence
0: Orb of Zot
}: 3/15 runes: barnacled, silver, gossamer
a: Renounce Religion, Heroism, Finesse, Duel


You escaped.
You worshipped Okawaru.
Okawaru was exalted by your worship.
You visited 11 branches of the dungeon, and saw 51 of its levels.
You also visited: Ossuary and Desolation.

You collected 10155 gold pieces.
You spent 3803 gold pieces at shops.

Inventory:

Hand Weapons
 a - the +8 autumn katana (weapon) {manifold assault}
   (You took it off a deep elf elementalist on level 3 of the Elven Halls)
 b - the +8 demon blade "Xir Esud" {freeze, Will+}
   (You found it on level 7 of the Dungeon)

   Will+:     It increases your willpower.
 h - the +8 Vampire's Tooth {megavamp}
   (You found it on level 3 of the Crypt)
Missiles
 c - 11 boomerangs (quivered)
 g - 3 throwing nets {=F}
 p - 8 datura-tipped darts {=F}
 r - 4 darts of dispersal
 v - 4 curare-tipped darts {=F}
 w - 50 silver javelins
 S - 31 atropa-tipped darts
 Z - 3 javelins
Armour
 x - the +13 plate armour of Light (worn) {Fly Regen+ Stlth-}
   (You found it in the Desolation of Salt)

   Fly:       It grants you flight.
   Regen+:    It increases your rate of health regeneration.
   Stlth-:    It makes you less stealthy.
 D - the +3 pair of gauntlets of War (worn) {Slay+5}
   (You bought it in a shop on level 3 of the Vaults)

   Slay+5:    It affects your accuracy & damage with ranged weapons and melee
   (+5).
 L - the +2 shield of Resistance (worn) {rF++ rC++ Will++}
   (You found it on level 4 of the Vaults)

   rF++:      It greatly protects you from fire.
   rC++:      It greatly protects you from cold.
   Will++:    It greatly increases your willpower.
 Q - the +1 hat of the Poles (worn) {Will+ Str+4}
   (Okawaru gifted it to you on level 5 of the Lair of Beasts)

   Str+4:     It affects your strength (+4).
   Will+:     It increases your willpower.
 U - a +2 cloak of poison resistance (worn)
Jewellery
 e - the ring "Giytux Qenu" (right hand) {rN+ Dex+3 Slay+4}
   (You took it off a vault guard on level 5 of the Vaults)

   [ring of slaying]

   Dex+3:     It affects your dexterity (+3).
   Slay+4:    It affects your accuracy & damage with ranged weapons and melee
   (+4).
   rN+:       It protects you from negative energy.
 i - the amulet "Soefy" (around neck) {Spirit Str+6 Int-3 Dex+4}
   (You acquired it on level 3 of the Shoals)

   [amulet of guardian spirit]

   Spirit:    It causes incoming damage to be divided between your reserves of
   health and magic.
   Str+6:     It affects your strength (+6).
   Int-3:     It affects your intelligence (-3).
   Dex+4:     It affects your dexterity (+4).
 G - the ring "Eteah" (left hand) {Wiz rElec SInv, =R}
   (You found it in the Desolation of Salt)

   [ring of wizardry]

   Wiz:       It improves your spell success rate.
   rElec:     It insulates you from electricity.
   SInv:      It lets you see invisible.
 O - the ring "Asesev" {rC+ rCorr Str+5 Dex+3}
   (You acquired it on level 2 of the Spider Nest)

   [ring of protection from cold]

   Str+5:     It affects your strength (+5).
   Dex+3:     It affects your dexterity (+3).
   rC+:       It protects you from cold.
   rCorr:     It protects you from acid and corrosion.
 Y - the ring of Kikubaaqudgha's Wrath {+Blink rPois Dex+6}
   (You acquired it on level 2 of the Spider Nest)

   [ring of dexterity]

   Dex+6:     It affects your dexterity (+6).
   rPois:     It protects you from poison +Blink: It lets you blink.
Wands
 d - a wand of digging (6)
 f - a wand of flame (104)
 j - a wand of light (36)
 k - a wand of iceblast (40)
 s - a wand of mindburst (31)
 P - a wand of polymorph (19)
Scrolls
 m - a scroll of revelation
 y - 5 scrolls of immolation
 B - 3 scrolls of blinking
 C - 6 scrolls of poison
 E - 3 scrolls of fear
 J - a scroll of silence {!r}
 T - 14 scrolls of teleportation
 V - 5 scrolls of vulnerability
Potions
 o - 9 potions of ambrosia
 q - 18 potions of curing
 u - 10 potions of mutation {!q}
 z - a potion of brilliance
 A - 8 potions of attraction
 H - 7 potions of haste {!q}
 M - 5 potions of might
 N - 4 potions of cancellation {!q}
 R - a potion of resistance
 W - 2 potions of heal wounds {!q}
 X - 3 potions of enlightenment
Miscellaneous
 l - a lightning rod (4/4)
 n - a phial of floods
 t - a tin of tremorstones (1/2)


   Skills:
 - Level 18.0 Fighting
 - Level 2.0(14.4) Short Blades
 + Level 21.6(21.7) Long Blades
 - Level 8.5 Ranged Weapons
 - Level 16.0 Throwing
 - Level 15.0 Armour
 - Level 11.0 Dodging
 - Level 3.0 Stealth
 - Level 15.0 Shields
 - Level 10.0 Spellcasting
 + Level 13.9 Conjurations
 - Level 11.0 Translocations
 - Level 11.0 Transmutations
 - Level 7.0 Earth Magic
 - Level 15.0 Invocations
 - Level 11.0 Evocations


You had 29 spell levels left.
You knew the following spells:

 Your Spells              Type           Power      Damage    Failure   Level
d - Iskenderun's Mystic   Conj/Tloc      52%        2d11      1%          4
g - Apportation           Tloc           96%        N/A       1%          1
w - Passwall              Tmut/Erth      34%        N/A       1%          2
C - Manifold Assault      Tloc           48%        N/A       2%          4
E - Irradiate             Conj/Tmut      26%        3d20      3%          5

Your spell library contained the following spells:

 Spells                   Type           Power      Damage    Failure   Level
 Foxfire                  Conj/Fire      100%       2x1d9     1%          1
 Kiss of Death            Conj/Necr      100%       2d13      1%          1
 Sandblast                Erth           68%        2d15      1%          1
 Shock                    Conj/Air       100%       1d9       1%          1
 Static Discharge         Conj/Air       68%        3-6/arc   1%          2
 Wereblood                Tmut           48%        N/A       1%          2
 Gell's Gravitas          Tloc           48%        N/A       1%          3
 Stone Arrow              Conj/Erth      92%        3d12      1%          3
 Teleport Other           Tloc           48%        N/A       1%          3
 Iskenderun's Battlesphe  Conj           56%        2d11      1%          5
 Sting                    Tmut/Pois      100%       1d8       2%          1
 Brom's Barrelling Bould  Conj/Erth      46%        2d6       3%          4
 Dazzling Flash           Conj/Hex       100%       N/A       4%          3
 Hailstorm                Conj/Ice       34%        3d9       4%          3
 Petrify                  Tmut/Erth      41%        N/A       5%          4
 Volatile Blastmotes      Fire/Tloc      56%        2d14      7%          3
 Flame Wave               Conj/Fire      34%        2d10      12%         4
 Fulminant Prism          Conj/Hex       25%        3d14      12%         4
 Sticky Flame             Conj/Fire      34%        2d5       12%         4
 Ignite Poison            Fire/Tmut/Pois 22%        N/A       14%         3
 Necrotise                Necr           36%        1d5       21%         1
 Slow                     Hex            52%        N/A       21%         1
 Dimensional Bullseye     Hex/Tloc       21%        N/A       21%         4
 Ensorcelled Hibernation  Hex/Ice        26%        N/A       28%         2
 Jinxbite                 Hex            26%        N/A       28%         2
 Poisonous Vapours        Pois/Air       18%        N/A       28%         2
 Scorch                   Fire           18%        2d5       28%         2
 Sublimation of Blood     Necr           9%         N/A       28%         2
 Arcjolt                  Conj/Air       17%        1d27      30%         5
 Fireball                 Conj/Fire      17%        3d9       30%         5
 Dispersal                Tloc           24%        N/A       32%         6
 Bombard                  Conj/Erth      23%        9d4       38%         6
 Orb of Destruction       Conj           28%        9d9       45%         7
 Alistair's Intoxication  Tmut/Pois      18%        N/A       47%         5
 Yara's Violent Unravell  Hex/Tmut       21%        3d10      47%         5
 Confusing Touch          Hex            13%        N/A       50%         3
 Inner Flame              Hex/Fire       13%        N/A       50%         3
 Sigil of Binding         Hex            13%        N/A       50%         3
 Swiftness                Air            9%         N/A       50%         3
 Vampiric Draining        Necr           9%         2d6       50%         3
 Borgnjor's Vile Clutch   Necr/Erth      10%        N/A       75%         5
 Conjure Ball Lightning   Conj/Air       17%        3x3d6     83%         6
 Starburst                Conj/Fire      17%        6d6       83%         6
 Airstrike                Air            4%         2d(1-17)  86%         4
 Anguish                  Hex/Necr       6%         N/A       86%         4
 Cause Fear               Hex            6%         N/A       86%         4
 Dispel Undead            Necr           9%         3d8       86%         4
 Olgreb's Toxic Radiance  Pois           9%         N/A       86%         4
 Eringya's Noxious Bog    Tmut/Pois      14%        4d6       95%         6
 Agony                    Necr           9%         N/A       99%         5
 Silence                  Hex/Air        6%         N/A       99%         5
 Plasma Beam              Fire/Air       4%         2x1d14    100%        6
 Enfeeble                 Hex            6%         N/A       100%        7
 Ozocubu's Refrigeration  Ice            4%         4d8       100%        7
 Borgnjor's Revivificati  Necr           4%         N/A       100%        8
 Discord                  Hex            6%         N/A       100%        8
 Disjunction              Tloc           24%        N/A       100%        8
 Ignition                 Fire           4%         3d4       100%        8
 Lehudib's Crystal Spear  Conj/Erth      23%        10d6      100%        8
 Maxwell's Capacitive Co  Air            4%         ∞         100%        8
 Death's Door             Necr           4%         N/A       100%        9
 Polar Vortex             Ice            4%         N/A       100%        9
 Shatter                  Erth           17%        3d16*     100%        9
 Tukima's Dance           Hex            Unusable   N/A       N/A         3
 Animate Dead             Necr           Unusable   N/A       N/A         4
 Summon Ice Beast         Ice/Summ       Unusable   N/A       N/A         4
 Summon Lightning Spire   Summ/Air       Unusable   N/A       N/A         4
 Death Channel            Necr           Unusable   N/A       N/A         6
 Simulacrum               Ice/Necr       Unusable   N/A       N/A         6
 Summon Cactus Giant      Summ           Unusable   N/A       N/A         6
 Haunt                    Necr/Summ      Unusable   N/A       N/A         7
 Spellforged Servitor     Conj/Summ      Unusable   N/A       N/A         7

Dungeon Overview and Level Annotations

Branches:
Dungeon (15/15)            Temple (1/1) D:7            Lair (5/5) D:9
 Shoals (4/4) Lair:2       Spider (4/4) Lair:2        Slime (0/5) Lair:5
    Orc (2/2) D:11            Elf (3/3) Orc:2        Vaults (5/5) D:13
  Crypt (3/3) Vaults:2       Tomb (0/3) Crypt:3      Depths (4/4) D:15
    Zot (5/5) Depths:4    Ossuary (visited)         Desolation (visited)

Altars:
Ashenzari
Cheibriados
Dithmenos
Fedhas
Gozag
Hepliaklqana
Kikubaaqudgha
Makhleb
Nemelex Xobeh
Okawaru
Qazlal
Ru
Sif Muna
Trog
Uskayaw
Vehumet
Wu Jian
Xom
Yredelemnul
Jiyva

Shops:
D:8 *:   D:13 *   Orc:2 [(?[   Elf:1 *   Elf:3 =   Vaults:1 !   Vaults:3 [
Vaults:5 ?   Depths:2 :   Depths:4 ::

Portals:
Hell: Depths:1 Depths:2 Depths:3 Depths:4
Abyss: Depths:3 Depths:4
Pandemonium: Depths:2
Ziggurat: Depths:2

Annotations:
Elf:1 3 runed translucent doors, exclusion: 3 doors, Socil's ghost, veteran DjDe
Vaults:1 3 runed translucent doors, Fieg's ghost, veteran HuWn


Innate Abilities, Weirdness & Mutations

You have hooves in place of feet.
((A powerful demonic guardian rushes to your aid.))
You frequently emit foul miasma when damaged in melee.
Your melee attacks may debilitate your foes.
You have an absolutely massive brain. (Int +6, Wiz)
Your hexes are more powerful.
You are surrounded by an aura of silence.


Message History

There is a stone staircase leading down here.
A sixfirhy comes into view.
There is a stone staircase leading up here.
You miss the sixfirhy. You kick the sixfirhy!
The sixfirhy is lightly wounded.
You miss the sixfirhy. Your kick misses the sixfirhy.
The sixfirhy is lightly wounded.
You closely miss the sixfirhy. Your kick misses the sixfirhy.
The sixfirhy is lightly wounded.
You slice the sixfirhy!! You kick the sixfirhy.
The sixfirhy is almost dead.
The sixfirhy barely misses you.
You slice the sixfirhy!!
You kill the sixfirhy!
Okawaru accepts your kill.
There is a stone staircase leading up here.
You fly upwards.
There is a stone staircase leading down here.
You see here a +0 club.
There is a stone staircase leading up here.
You fly upwards.
There is a stone staircase leading down here.
You reach down and open the door.
There is an open door here.
There is a stone staircase leading up here.
You fly upwards.
There is a stone staircase leading down here.
Magic restored.
There is a stone staircase leading up here.
You fly upwards.
There is a stone staircase leading down here.
A sun demon comes into view.
You throw a boomerang.
The boomerang barely misses the sun demon.
You throw a boomerang.
The boomerang barely misses the sun demon.
You throw a boomerang. The boomerang hits the sun demon!
The sun demon is moderately wounded.
You slice the sun demon!! Your kick misses the sun demon.
The sun demon is heavily wounded.
You block the sun demon's attack.
You hit the sun demon. You kick the sun demon!!
The sun demon is almost dead.
You block the sun demon's attack.
You slash the sun demon!
You kill the sun demon!
Okawaru accepts your kill.
There is an open door here.
There is a staircase leading out of the dungeon here.
You have escaped!

#.##....# #.#
#######.# #.##.##.#
#.# ##.#.
#####.##.##.#####.#
#.###
#.................#
#..#.
#.###.....#####...#
#.#.# #.#
###...#...#...#
#.#.. #.#
#.###.♣.###.#
####.### #.#
#.#.......#.#
#....... #.#
#.'.♣.@.♣.'.#
#.##.### #.#
#.#.......#.#
#.##.#
#.#####.###.♣.###.#
#.##.#
#.........#...#...#
#....###
######....#####...#
####....
#............####
#.###
#.####..........#
#.# #.#
##########.# #.#
#.# #.# #.#


There were no monsters in sight!

Vanquished Creatures
  2 dread liches
  Khufu (Vaults:2)
  5 orbs of fire
  2 royal mummies (Vaults:2)
  2 curse toes (Zot:5)
  11 Killer Klowns (Zot:5)
  15 golden dragons
  2 caustic shrikes (Depths:1)
  3 bone dragons
  Arachne (Spider:4)
  Jory (Crypt:2)
  The ghost of night the Warrior, an adept DgHu (Depths:1)
  The ghost of Wusuin the Warrior, an adept MiBe of Trog (Shoals:2)
  The ghost of Flugslaktarn the Spry, an adept OpSh of Ashenzari (D:15)
  Jorgrun (Arena)
  2 electric golems (Zot:5)
  15 tentacled monstrosities
  27 Orb Guardians
  6 liches
  2 deep elf blademasters (Elf:3)
  Mlioglotl (Arena)
  4 titans
  4 quicksilver dragons
  A deep elf master archer (Elf:3)
  9 sphinxes
  A kraken (Shoals:3)
  7 death cobs
  Frances (D:14)
  Gastronok (Lair:1)
  4 ancient champions
  Kirke (D:15)
  8 shadow dragons
  3 draconian monks
  14 storm dragons
  5 tengu reavers
  Donald (Orc:2)
  2 revenants
  7 fire giants
  6 deep elf sorcerers
  A spectral juggernaut (Depths:1)
  2 imperial myrmidons (Desolation)
  12 frost giants
  3 iron dragons
  11 vault wardens
  11 draconian knights
  2 curse skulls
  A balrug (D:8)
  5 draconian scorchers
  3 orc warlords
  7 ghost moths
  6 emperor scorpions
  5 draconian shifters
  6 ghouls (Crypt:1)
  7 deep elf elementalists (Elf:3)
  4 draconian stormcallers
  17 very ugly things
  4 formless jellyfish
  10 war gargoyles
  15 ironbound preservers
  14 stone giants
  4 broodmothers
  A cacodemon (D:8)
  10 vampire knights
  3 draconian annihilators (Zot:5)
  7 deep elf demonologists
  10 black draconians
  2 halazid warlocks
  7 deep elf annihilators
  9 ironbound thunderhulks
  9 red draconians
  9 green draconians
  2 spectral hellephants (Crypt:2)
  7 dire elephants
  9 white draconians
  8 purple draconians
  13 yellow draconians
  6 spark wasps
  6 crystal guardians
  3 eidola (Crypt:1)
  Snorg (D:14)
  9 ettins
  4 merfolk javelineers
  7 deep elf death magi
  5 jiangshi
  A green death (Depths:2)
  4 spriggan zombies
  4 servants of whispers (Desolation)
  6 deep elf high priests
  6 fire dragons
  5 ragged hierophants (Desolation)
  9 merfolk impalers
  Fannar (D:11)
  A spectral shadow dragon (Crypt:2)
  2 great orbs of eyes
  5 entropy weavers
  A catoblepas (D:13)
  Harold (Lair:1)
  31 vault guards
  5 jorogumos
  A quicksilver dragon skeleton (Crypt:1)
  21 yaktaur captains
  2 rakshasas
  5 ice dragons
  4 spriggan air magi
  A hydra (Lair:4)
  A caustic shrike simulacrum (Depths:2)
  A hell beast (D:11)
  4 centaur warriors
  3 merfolk aquamancers
  Erica (Lair:2)
  A sphinx zombie (D:15)
  2 merfolk avatars (Shoals:2)
  6 spriggan skeletons
  An ogre mage (Vaults:5)
  An anaconda (shapeshifter) (Elf:3)
  A ghost crab (Spider:2)
  11 ironbound frosthearts
  16 boulder beetles
  2 alligator snapping turtles (Shoals:4)
  3 death knights
  11 peacekeepers
  The ghost of MrCrawl the Arsonist, a journeyman DrFE of Vehumet (D:10)
  2 radroaches
  A death scarab (Spider:3)
  2 satyrs
  5 deep troll earth magi
  5 orc high priests
  33 dancing weapons
  6 tengu warriors
  6 two-headed ogres
  2 deep troll shamans (Depths:4)
  A bennu skeleton (Crypt:2)
  5 vampire magi
  2 occultists
  2 spectral elves (Crypt:2)
  8 demonic crawlers
  3 sun demons
  A soul eater (Crypt:2)
  10 hell knights
  19 deep elf knights
  A sixfirhy (D:5)
  3 shadow wraiths
  Amaemon (Lair:1)
  A bunyip zombie (Crypt:1)
  2 iron trolls
  9 skysharks
  46 skeletal warriors
  A storm dragon skeleton (D:15)
  A glowing orange brain (shapeshifter) (D:13)
  A shadow demon (D:8)
  A sun moth (Spider:1)
  4 pharaoh ants (Spider:2)
  14 sea snakes
  4 flayed ghosts
  A spark wasp zombie (D:15)
  A glowing orange brain (Depths:4)
  47 deep trolls
  A golden dragon zombie (Crypt:3)
  14 orb spiders
  A golden dragon skeleton (Crypt:1)
  7 deep elf archers
  6 phantasmal warriors
  4 steelbarb worms
  A bog body (Crypt:1)
  23 harpies
  4 arcanists
  An orange crystal statue (Elf:2)
  A goliath frog (Lair:5)
  19 necromancers
  33 deep elf pyromancers
  32 deep elf zephyrmancers
  14 ironbound convokers
  8 lindwurms
  A frost giant zombie (Vaults:1)
  16 orc knights
  15 wolf spiders
  An iron dragon zombie (Crypt:3)
  A jorogumo zombie (Crypt:1)
  A fire giant zombie (Crypt:1)
  15 cyclopes
  5 orc sorcerers
  17 manticores
  A tengu skeleton (Depths:2)
  25 ugly things
  15 fauns
  A naga zombie (Crypt:3)
  33 moths of wrath
  8 large abominations (Depths:3)
  8 black mambas
  2 dire elephant zombies
  7 water nymphs
  A rust devil (D:8)
  19 elephants
  10 merfolk sirens
  3 smoke demons
  A molten gargoyle (Desolation)
  7 guardian serpents (Desolation)
  11 vault sentinels
  5 torpor snails
  20 cane toads
  Maggie (Lair:2)
  2 orange demons
  3 unseen horrors
  30 yaktaurs
  6 kobold blastminers (Orc:2)
  A gargoyle (D:11)
  3 freezing wraiths (Vaults:5)
  A dire elephant skeleton (Crypt:1)
  A yaktaur zombie (Vaults:1)
  3 rime drakes
  2 tormentors
  9 komodo dragons
  2 efreet
  A spark wasp simulacrum (Depths:2)
  4 tengu conjurers
  3 hellwings
  5 trolls
  A meliai (Spider:4)
  A harpy zombie (Crypt:1)
  A great orb of eyes zombie (Crypt:2)
  A hornet (shapeshifter) (Vaults:5)
  4 polar bears
  A tarantella (shapeshifter) (Depths:3)
  13 tarantellas
  24 merfolk
  A tengu simulacrum (Depths:2)
  19 blink frogs
  5 wind drakes
  5 tyrant leeches
  2 harpy skeletons
  Grinder (D:4)
  35 saltlings (Desolation)
  4 glass eyes
  4 hornets
  16 snapping turtles
  23 dream sheep
  A fire dragon zombie (Crypt:3)
  20 jumping spiders
  Sigmund (D:2)
  6 air elementals
  45 slime creatures
  2 ettin zombies
  38 flying skulls
  25 culicivoras
  A naga simulacrum (Crypt:1)
  2 shadows (D:11)
  11 wraiths
  A ynoxinul (Depths:2)
  10 basilisks
  A fire dragon skeleton (Crypt:3)
  3 vampires
  3 fire elementals
  An elf skeleton (Vaults:1)
  A hog (D:15)
  6 wyverns
  3 fire bats
  29 water elementals
  75 yaks
  A black mamba skeleton (Crypt:1)
  5 humans (D:15)
  25 vampire mosquitoes
  An alligator snapping turtle simulacrum (Crypt:1)
  3 chaos spawn
  A redback (shapeshifter) (Depths:3)
  2 steam dragons
  76 redbacks
  A deep troll zombie (Crypt:2)
  4 wargs
  A two-headed ogre skeleton (Crypt:1)
  Duvessa (D:5)
  21 water moccasins
  49 orc warriors
  4 ice beasts
  A sky beast (D:8)
  10 ogres
  18 wolves
  10 centaurs
  2 phantoms
  A kobold brigand (D:6)
  4 necrophages (Crypt:3)
  A human zombie (Vaults:1)
  4 gnoll sergeants
  17 bullfrogs
  3 small abominations (Depths:3)
  An earth elemental (Elf:1)
  2 scorpions
  7 wights
  A cyclops skeleton (Crypt:1)
  Dowan (D:5)
  11 killer bees
  A warg skeleton (Crypt:2)
  2 electric eels (Lair:2)
  4 howler monkeys
  A raiju skeleton (Crypt:2)
  17 orc priests
  2 gnoll boudas
  6 hounds
  A jelly (D:5)
  A black bear zombie (Crypt:1)
  Crazy Yiuf (D:3)
  A human skeleton (Crypt:1)
  An iguana (D:6)
  30 orc wizards
  A killer bee zombie (Crypt:2)
  An acid dragon zombie (Crypt:2)
  An acid dragon skeleton (Crypt:1)
  14 mummies
  Robin (D:3)
  12 adders
  An adder (shapeshifter) (Vaults:5)
  18 gnolls
  A steam dragon skeleton (Crypt:1)
  2 shadow imps
  2 white imps (D:8)
  4 ufetubi
  3 worms (D:2)
  A dart slug (D:2)
  86 orcs
  An orc (shapeshifter) (Vaults:5)
  4 endoplasms
  4 giant cockroaches
  7 goblins
  10 hobgoblins
  A hobgoblin (shapeshifter) (Vaults:5)
  A jackal (shapeshifter) (Vaults:5)
  8 jackals
  13 kobolds
  6 quokkas
  5 ball pythons
  5 bats (D:1)
  2 frilled lizards
  2 gnoll skeletons (Ossuary)
  3 goblin skeletons (Ossuary)
  A kobold (shapeshifter) (Vaults:5)
  A kobold skeleton (Ossuary)
  2 orc skeletons (Ossuary)
  5 rats (D:1)
  11 rat skeletons (Ossuary)
  3 tentacles (Shoals:3)
2452 creatures vanquished.

Vanquished Creatures (collateral kills)
  4 yaks
  2 killer bees (D:8)
  A hound (D:4)
  An orc wizard (D:7)
  3 orcs (D:7)
  An endoplasm (D:4)
12 creatures vanquished.

Vanquished Creatures (others)
  An orb of fire (Zot:5)
  A tentacled monstrosity (Zot:3)
  An eldritch tentacle (Zot:5)
  A draconian scorcher (Zot:3)
  A ghost moth (Spider:4)
  A deep elf knight (Elf:3)
  A deep elf zephyrmancer (Elf:2)
  A human (D:6)
  An orc wizard (D:11)
  An orc (D:11)
  2 quokkas
  8 tentacles (Shoals:3)
20 creatures vanquished.

Grand Total: 2484 creatures vanquished

Notes
Turn   | Place    | Note
-------+----------+-------------------------------------------
     0 | D:1      | Ge0ff the Demonspawn Artificer began the quest for the Orb.
     0 | D:1      | Reached XP level 1. HP: 15/15 MP: 1/1
    87 | D:1      | Reached skill level 1 in Stealth
   337 | D:1      | Gained mutation: You may rarely emit foul miasma when
                  | damaged in melee. [demonic ancestry]
   337 | D:1      | Reached XP level 2. HP: 21/21 MP: 2/2
   638 | D:1      | You fall into a shaft and drop 1 floor!
   755 | D:2      | Reached skill level 1 in Short Blades
   755 | D:2      | Reached XP level 3. HP: 14/27 MP: 1/3
  1257 | D:2      | Gained mutation: You have large cloven feet. [demonic
                  | ancestry]
  1257 | D:2      | Reached XP level 4. HP: 31/35 MP: 1/4
  1344 | D:2      | Reached skill level 1 in Dodging
  1481 | D:2      | Noticed Robin
  1488 | D:2      | Noticed Sigmund
  1503 | D:3      | Killed Robin
  1745 | D:2      | Killed Sigmund
  1746 | D:2      | Gained mutation: You sometimes emit foul miasma when
                  | damaged in melee. [demonic ancestry]
  1746 | D:2      | Reached XP level 5. HP: 27/42 MP: 1/5
  1746 | D:2      | Gained mutation: A weak demonic guardian rushes to your
                  | aid. [demonic ancestry]
  1746 | D:2      | Reached XP level 6. HP: 31/48 MP: 2/6
  2965 | D:3      | Identified the +9 whip "Roets" {flame, rF+ Dex+3}
  2974 | D:3      | Identified the +5 spear of the Dark Horse {venom, *Corrode
                  | MP+9 Str+8 Dex+4}
  2979 | D:3      | Found a faded altar of an unknown god.
  3110 | D:3      | Found a runed translucent door.
  3111 | D:3      | Noticed Crazy Yiuf
  3120 | D:3      | Killed Crazy Yiuf
  3426 | D:3      | Found a bloodstained altar of Trog.
  3620 | D:4      | Reached skill level 1 in Ranged Weapons
  4023 | D:4      | Reached XP level 7. HP: 55/55 MP: 7/7
  4024 | D:4      | Noticed Grinder
  4034 | D:4      | Killed Grinder
  4035 | D:4      | Reached skill level 5 in Fighting
  4390 | D:5      | Entered Level 5 of the Dungeon
  4394 | D:5      | Found a radiant altar of Vehumet.
  4419 | D:5      | Found a transporter.
  4472 | D:5      | Noticed Duvessa
  4482 | D:5      | Noticed Dowan
  4489 | D:5      | Killed Duvessa
  4490 | D:5      | Reached XP level 8. HP: 16/62 MP: 8/8
  4492 | D:5      | Killed Dowan
  4715 | D:5      | Reached skill level 5 in Dodging
  5238 | D:5      | Found a transporter.
  5271 | D:5      | Reached skill level 5 in Ranged Weapons
  5736 | D:6      | Reached XP level 9. HP: 68/68 MP: 9/9
  6221 | D:6      | Found an ancient bone altar of Kikubaaqudgha.
  6284 | D:6      | Found a shimmering blue altar of Sif Muna.
  7049 | D:7      | Found a staircase to the Ecumenical Temple.
  7084 | Temple   | Entered the Ecumenical Temple
  7441 | D:7      | Noticed a skeletal warrior
  8016 | D:7      | Gained mutation: You frequently emit foul miasma when
                  | damaged in melee. [demonic ancestry]
  8016 | D:7      | Reached XP level 10. HP: 74/74 MP: 10/10
  8125 | D:7      | Found the +5 scythe "Finisher" {speed, execute}
  8353 | D:7      | Killed a skeletal warrior
  8598 | D:7      | Identified the +8 demon blade "Xir Esud" {freeze, Will+}
  8652 | D:7      | Identified the +5 scale mail of the Orcish Mines {Int+4}
  8889 | D:7      | Reached skill level 1 in Long Blades
  9121 | D:7      | Reached skill level 2 in Long Blades
  9210 | D:7      | Found a staircase to the Ecumenical Temple.
  9742 | D:8      | Noticed a walking frostbound tome
  9744 | D:8      | Found Lamomy's Book Emporium.
  9746 | D:8      | Noticed a walking divine tome
  9756 | D:8      | Found Lulik's General Store.
  9778 | D:8      | Bought a scroll of identify for 26 gold pieces
  9816 | D:8      | Reached skill level 3 in Long Blades
  9904 | D:8      | Reached skill level 4 in Long Blades
  9924 | D:8      | Reached skill level 5 in Long Blades
  9975 | D:8      | Found a sand-covered staircase.
  9980 | Ossuary  | Entered an ossuary
 10667 | D:8      | Reached skill level 6 in Long Blades
 10968 | D:9      | Noticed a smoke demon
 10968 | D:9      | Noticed a rust devil
 10997 | D:8      | Killed a rust devil
 11126 | D:9      | Reached skill level 7 in Long Blades
 11217 | D:9      | Noticed a two-headed ogre
 11225 | D:9      | Killed a two-headed ogre
 11226 | D:9      | Gained mutation: You have hoof-like feet. [demonic
                  | ancestry]
 11226 | D:9      | Reached XP level 11. HP: 50/79 MP: 11/11
 11355 | D:9      | Found a stormy altar of Qazlal.
 11358 | D:9      | Found a staircase to the Lair.
 11415 | D:9      | Reached skill level 8 in Long Blades
 11955 | D:9      | Reached skill level 9 in Long Blades
 12776 | D:9      | Found a stormy altar of Qazlal.
 12779 | D:9      | Found a staircase to the Lair.
 13268 | D:10     | Entered Level 10 of the Dungeon
 13325 | D:10     | Found a runed translucent door.
 13332 | D:10     | Noticed MrCrawl's ghost (journeyman DrFE)
 13456 | D:10     | Noticed a two-headed ogre
 13474 | D:10     | Killed a two-headed ogre
 13475 | D:10     | Reached skill level 10 in Long Blades
 13574 | D:10     | Paralysed by a hornet for 2 turns
 14030 | D:10     | Found a burning altar of Makhleb.
 14044 | D:10     | Noticed a cacodemon
 14424 | D:10     | Found a faded altar of an unknown god.
 14424 | D:10     | Found a hide-covered altar of Uskayaw.
 14430 | D:10     | Found an opulent altar of Gozag.
 14434 | D:10     | Found an iron altar of Okawaru.
 14436 | D:10     | Found a faded altar of an unknown god.
 14441 | D:10     | Became a worshipper of Warmaster Okawaru
 14531 | D:10     | Killed MrCrawl's ghost
 14532 | D:10     | Reached skill level 11 in Long Blades
 14711 | D:11     | Noticed a boulder beetle
 14719 | D:11     | Killed a boulder beetle
 14719 | D:11     | Reached * piety under Okawaru
 14760 | D:11     | Noticed Fannar
 14777 | D:11     | Killed Fannar
 15203 | D:11     | Gained mutation: You have an unusually large brain. (Int
                  | +2) [demonic ancestry]
 15203 | D:11     | Reached XP level 12. HP: 86/86 MP: 12/12
 15349 | D:11     | Reached skill level 12 in Long Blades
 15349 | D:11     | Reached skill level 1 in Invocations
 15363 | D:11     | Reached ** piety under Okawaru
 15453 | D:11     | Found a staircase to the Orcish Mines.
 15958 | D:12     | Noticed a centaur warrior
 15976 | D:12     | Killed a centaur warrior
 16067 | D:12     | Reached skill level 5 in Invocations
 16126 | D:12     | Noticed a two-headed ogre
 16127 | D:12     | Noticed a boulder beetle
 16139 | D:12     | Killed a boulder beetle
 16142 | D:12     | Killed a two-headed ogre
 16263 | D:12     | Reached *** piety under Okawaru
 16469 | D:12     | Noticed a two-headed ogre
 16477 | D:12     | Killed a two-headed ogre
 16956 | D:12     | Reached **** piety under Okawaru
 17630 | D:12     | Reached skill level 13 in Long Blades
 18718 | Lair:1   | Entered Level 1 of the Lair of Beasts
 18742 | Lair:1   | Noticed Harold
 18764 | Lair:1   | Killed Harold
 18765 | Lair:1   | Reached XP level 13. HP: 37/95 MP: 18/18
 19073 | Lair:1   | Reached ***** piety under Okawaru
 19145 | Lair:1   | Noticed Amaemon
 19163 | Lair:1   | Killed Amaemon
 19164 | Lair:1   | Reached skill level 5 in Armour
 19209 | Lair:1   | Noticed Gastronok
 19223 | Lair:1   | Killed Gastronok
 19353 | Lair:1   | Received a gift from Okawaru
 19681 | Lair:1   | You fall into a shaft and drop 1 floor!
 19730 | Lair:2   | Reached skill level 1 in Throwing
 19923 | Lair:2   | Noticed Maggie
 19955 | Lair:2   | Killed Maggie
 20426 | Lair:2   | Noticed Erica
 20444 | Lair:2   | Killed Erica
 20447 | Lair:2   | Received a gift from Okawaru
 20811 | Lair:2   | Found a staircase to the Shoals.
 21130 | Lair:2   | Found a hole to the Spider Nest.
 21602 | Lair:2   | Learned a level 5 spell: Irradiate
 21890 | Lair:3   | Received a gift from Okawaru
 21974 | Lair:3   | Reached skill level 10 in Fighting
 21985 | Lair:3   | Identified the +0 helmet of the Blue Skies {MP-9 Int+4
                  | Dex+3}
 22098 | Lair:3   | Reached skill level 14 in Long Blades
 22694 | Lair:4   | Gained mutation: You have an extremely huge brain. (Int +4)
                  | [demonic ancestry]
 22694 | Lair:4   | Reached XP level 14. HP: 92/110 MP: 10/19
 22811 | Lair:4   | Received a gift from Okawaru
 23059 | Lair:4   | Reached skill level 1 in Conjurations
 23059 | Lair:4   | Reached skill level 1 in Transmutations
 23591 | Lair:4   | Reached skill level 1 in Spellcasting
 24312 | Lair:5   | Entered Level 5 of the Lair of Beasts
 24441 | Lair:5   | Received a gift from Okawaru
 24645 | Lair:5   | Reached ****** piety under Okawaru
 24682 | Lair:5   | Acquired the +1 hat of the Poles {Will+ Str+4}
 24682 | Lair:5   | Received a gift from Okawaru
 25439 | Lair:5   | Identified the staff "Buiggof" {Str+4 Earth}
 25556 | Lair:5   | Received a gift from Okawaru
 26187 | Lair:5   | Received a gift from Okawaru
 26188 | Lair:5   | Reached skill level 5 in Throwing
 26273 | Lair:5   | Found a staircase to the Slime Pits.
 27129 | Orc:1    | Entered Level 1 of the Orcish Mines
 27267 | Orc:1    | Reached XP level 15. HP: 62/117 MP: 21/21
 27712 | Orc:2    | Entered Level 2 of the Orcish Mines
 27712 | Orc:2    | Found a staircase to the Elven Halls.
 27715 | Orc:2    | Noticed Donald
 27750 | Orc:2    | Noticed Jorgrun
 27752 | Orc:2    | Found a frozen archway.
 27761 | Arena    | Entered the Arena
 27776 | Arena    | Killed Jorgrun
 27810 | Orc:2    | Reached skill level 5 in Evocations
 28175 | Orc:2    | Found Hyn Buk's Magic Scroll Shoppe.
 28295 | Orc:2    | Bought a scroll of acquirement for 780 gold pieces
 28407 | Orc:2    | Reached skill level 5 in Conjurations
 28455 | Orc:2    | Found Gazuecw's Armour Shop.
 28592 | Orc:2    | Killed Donald
 28685 | Orc:2    | Received a gift from Okawaru
 28954 | Orc:2    | Reached skill level 5 in Transmutations
 29311 | Orc:2    | Found Loittoim's Antique Armour Emporium.
 29315 | Orc:2    | Found Fukhief's Antique Weapon Shoppe.
 29320 | Orc:2    | Bought a scorched dagger for 154 gold pieces
 29320 | Orc:2    | Identified the +5 dagger of Might {venom, rC+ rN+ Dex+3}
                  | (You bought it in a shop on level 2 of the Orcish Mines)
 30260 | D:13     | Found Miytoch's Changing Room.
 30290 | D:13     | Bought a wand of polymorph (1) for 22 gold pieces
 30535 | D:13     | Found a gate to the Vaults.
 30537 | D:13     | Identified the +1 robe "Deij" {Harm rC+ Dex-5}
 30567 | D:13     | Acquired a manual of Armour
 30972 | D:13     | Received a gift from Okawaru
 31065 | D:13     | Acquired a +2 triple sword of flaming
 31065 | D:13     | Received a gift from Okawaru
 31490 | D:14     | Noticed Frances
 31518 | D:14     | Killed Frances
 31737 | D:14     | Got the Volume of Ashen Rot
 31871 | D:14     | Identified the maw talisman "Jattu" {Int+3 Stlth+}
 32097 | D:14     | Noticed Snorg
 32108 | D:14     | Killed Snorg
 32487 | D:15     | Entered Level 15 of the Dungeon
 32617 | D:14     | Received a gift from Okawaru
 32927 | D:15     | Found an opulent altar of Gozag.
 33041 | D:15     | Found a runed translucent door.
 33189 | D:15     | Found a staircase to the Depths.
 33483 | D:15     | Gained mutation: You have an absolutely massive brain. (Int
                  | +6, Wiz) [demonic ancestry]
 33483 | D:15     | Reached XP level 16. HP: 77/126 MP: 17/22
 33677 | D:15     | Noticed Flugslaktarn's ghost (adept OpSh)
 33854 | D:15     | Noticed Kirke
 33875 | D:15     | Killed Kirke
 34574 | D:15     | Found a staircase to the Depths.
 34786 | D:15     | Received a gift from Okawaru
 35097 | D:15     | Found an opulent altar of Gozag.
 35334 | Spider:1 | Entered Level 1 of the Spider Nest
 35760 | Spider:1 | Reached skill level 5 in Spellcasting
 36414 | Spider:1 | Received a gift from Okawaru
 36813 | Spider:1 | Reached skill level 15 in Long Blades
 36937 | Spider:1 | You fall into a shaft and drop 1 floor!
 37615 | Spider:2 | Received a gift from Okawaru
 38156 | Spider:2 | Acquired the ring of Kikubaaqudgha's Wrath {+Blink rPois
                  | Dex+6}
 38163 | Spider:2 | Acquired the ring "Asesev" {rC+ rCorr Str+5 Dex+3}
 38170 | Spider:2 | Acquired 697 gold pieces
 38508 | Spider:2 | Identified the +0 robe "Urphuesking" {Int+2 Archmagi}
 38538 | Spider:2 | Noticed Mlioglotl
 38539 | Arena    | Entered the Arena
 38550 | Arena    | Killed Mlioglotl
 39122 | Arena    | Entered the Arena
 39144 | Spider:2 | Paralysed by a jorogumo for 3 turns
 39435 | Spider:2 | Received a gift from Okawaru
 39789 | Spider:3 | Identified the +1 robe of Midnight {rN++ Int-2 SInv}
 39831 | Spider:3 | Gained mutation: You have hooves in place of feet. [demonic
                  | ancestry]
 39831 | Spider:3 | Reached XP level 17. HP: 108/131 MP: 16/26
 40674 | Spider:3 | Identified the +3 pair of gloves "Zoxzisk" {-Cast +Blink
                  | rCorr Stlth+}
 40808 | Spider:3 | Received a gift from Okawaru
 40809 | Spider:3 | Reached skill level 10 in Armour
 41225 | Spider:4 | Entered Level 4 of the Spider Nest
 41727 | Spider:4 | Noticed Arachne
 42435 | Spider:4 | Killed Arachne
 43357 | Arena    | Entered the Arena
 43361 | Arena    | Received a gift from Okawaru
 43389 | Spider:4 | Gained mutation: Your magical capacity is low. (-10% MP)
                  | [mutagenic glow]
 43421 | Spider:3 | Gained mutation: You are vulnerable to heat. (rF-)
                  | [mutagenic glow]
 43699 | Spider:3 | Lost mutation: Your magical capacity is low. (-10% MP)
                  | [potion of mutation]
 43699 | Spider:3 | Lost mutation: You are vulnerable to heat. (rF-) [potion of
                  | mutation]
 43699 | Spider:3 | Gained mutation: You have a pair of small horns on your
                  | head. [potion of mutation]
 44288 | Spider:4 | Reached skill level 10 in Conjurations
 44655 | Spider:4 | Identified the +0 hat of a treasure trove {Slay+2}
 44659 | Spider:4 | Got a gossamer rune of Zot
 44907 | Shoals:1 | Entered Level 1 of the Shoals
 45108 | Shoals:1 | Reached skill level 1 in Shields
 45328 | Shoals:1 | Received a gift from Okawaru
 46494 | Shoals:2 | Reached skill level 5 in Shields
 46713 | Shoals:2 | Gained mutation: Your hexes are more powerful. [demonic
                  | ancestry]
 46713 | Shoals:2 | Reached XP level 18. HP: 134/145 MP: 17/28
 47090 | Shoals:2 | Found a runed translucent door.
 47090 | Shoals:2 | Found a shimmering altar of Xom.
 47090 | Shoals:2 | Noticed Wusuin's ghost (adept MiBe)
 47091 | Shoals:2 | Identified the +4 morningstar "Ilul Udacawn" {chaos, MP+9}
 47227 | Shoals:2 | Received a gift from Okawaru
 48030 | Shoals:2 | Killed Wusuin's ghost
 48571 | Shoals:3 | Identified the +4 chain mail of the Morning {Rampage
                  | *Corrode rElec rF+++}
 48590 | Shoals:3 | Received a gift from Okawaru
 48648 | Shoals:3 | Acquired the amulet "Soefy" {Spirit Str+6 Int-3 Dex+4}
 49034 | Shoals:3 | Reached skill level 10 in Transmutations
 49329 | Shoals:4 | Entered Level 4 of the Shoals
 50071 | Shoals:4 | Reached skill level 10 in Shields
 50225 | Shoals:4 | Received a gift from Okawaru
 50367 | Shoals:4 | Got a barnacled rune of Zot
 51824 | D:15     | Killed Flugslaktarn's ghost
 51828 | D:15     | Received a gift from Okawaru
 51935 | D:15     | Identified the staff "Qitetzuc" {rN+ Str+4 Necro}
 52043 | Elf:1    | Entered Level 1 of the Elven Halls
 52276 | Elf:1    | Gained mutation: A demonic guardian rushes to your aid.
                  | [demonic ancestry]
 52276 | Elf:1    | Reached XP level 19. HP: 151/151 MP: 29/29
 52283 | Elf:1    | Found a runed translucent gate.
 52284 | Elf:1    | Found a runed translucent gate.
 52285 | Elf:1    | Found a runed translucent gate.
 52288 | Elf:1    | Noticed Socil's ghost (veteran DjDe)
 52348 | Elf:1    | Found a viscous altar of Jiyva.
 52984 | Elf:1    | Received a gift from Okawaru
 53235 | Elf:1    | Paralysed by an air elemental for 1 turns
 53427 | Elf:1    | Found Vop Mawuru's Assorted Antiques.
 53439 | Elf:1    | Bought a scroll of poison for 148 gold pieces
 53439 | Elf:1    | Bought a potion of mutation for 296 gold pieces
 53617 | Elf:2    | Paralysed by an air elemental for 1 turns
 53683 | Elf:2    | Paralysed by an air elemental for 1 turns
 53765 | Elf:2    | Paralysed by an air elemental for 1 turns
 54510 | Elf:2    | Received a gift from Okawaru
 54890 | Elf:2    | Found a runed translucent gate.
 54890 | Elf:2    | Found a runed translucent gate.
 54890 | Elf:2    | Found a runed translucent gate.
 55371 | Elf:2    | Identified the ring "Joeleag" {rPois rC+ Str+6 Stlth-}
 55538 | Elf:3    | Entered Level 3 of the Elven Halls
 55759 | Elf:3    | Paralysed by an air elemental for 1 turns
 56067 | Elf:3    | Found Diem's Jewellery Emporium.
 56712 | Elf:2    | Reached skill level 15 in Fighting
 56723 | Elf:2    | Received a gift from Okawaru
 58516 | Elf:2    | Learned a level 2 spell: Passwall
 58518 | Elf:2    | Learned a level 1 spell: Apportation
 58735 | Elf:3    | Identified the amulet of Cilav {RegenMP rCorr Str+3}
 58736 | Elf:3    | Identified the +3 great sword of Eternity {vamp, Fly rPois
                  | rN+}
 58739 | Elf:3    | Identified the +5 chain mail "Pozec" {rC+}
 58745 | Elf:3    | Gained mutation: Your melee attacks may debilitate your
                  | foes. [demonic ancestry]
 58745 | Elf:3    | Reached XP level 20. HP: 87/165 MP: 13/30
 58756 | Elf:3    | Received a gift from Okawaru
 59088 | Elf:3    | Identified the +4 sling "Stringbean" {drain, rPois Dex+2}
 59508 | Elf:3    | Got the Tractate on the Welkin and the Discharge
 59513 | Elf:3    | Identified the +0 short sword "Plog" {flame, SInv}
 59524 | Elf:3    | Got Advanced Witchcraft
 59540 | Elf:3    | Identified the staff "Gigicooc" {rPois Str+3 Int-3 Dex+2
                  | Poison}
 59898 | Vaults:1 | Entered Level 1 of the Vaults
 60125 | Vaults:1 | Learned a level 4 spell: Manifold Assault
 60264 | Vaults:1 | Received a gift from Okawaru
 60630 | Vaults:1 | Reached skill level 1 in Translocations
 60940 | Vaults:1 | Found Huatraq's Distillery.
 60945 | Vaults:1 | Bought a potion of curing for 39 gold pieces
 60945 | Vaults:1 | Bought a potion of curing for 39 gold pieces
 60945 | Vaults:1 | Bought a potion of might for 52 gold pieces
 60945 | Vaults:1 | Bought a potion of invisibility for 104 gold pieces
 60945 | Vaults:1 | Bought 2 potions of haste for 260 gold pieces
 60945 | Vaults:1 | Bought a potion of curing for 39 gold pieces
 61197 | Vaults:1 | Found a runed translucent gate.
 61198 | Vaults:1 | Found a runed translucent gate.
 61198 | Vaults:1 | Found a runed translucent gate.
 61199 | Vaults:1 | Noticed Fieg's ghost (veteran HuWn)
 61419 | Vaults:2 | Received a gift from Okawaru
 61452 | Vaults:2 | Found a crumbling gateway.
 61460 | Desolati | Entered the Desolation of Salt
 61606 | Desolati | Identified the staff of the Unliving {rElec rF+ Str+3 Dex-2
                  | Air}
 61608 | Desolati | Identified the ring "Eteah" {Wiz rElec SInv}
 61615 | Desolati | Got the Compendium of Vlad
 61621 | Desolati | Identified the ring "Roti" {+Blink rElec rF+++ rC- rCorr}
 61966 | Arena    | Entered the Arena
 62034 | Desolati | Reached skill level 10 in Invocations
 62273 | Desolati | Identified the +5 falchion of Moapla Moiv {holy, Dex+2}
 62407 | Desolati | Found the +8 whip "Snakebite" {venom, curare, rPois}
 62511 | Desolati | Identified the +13 plate armour of Light {Fly Regen+
                  | Stlth-}
 62517 | Desolati | Identified the ring "Seinloit" {rC++ Will+ Dex-5 Slay+2
                  | SInv}
 62593 | Vaults:2 | Upgraded the game from 0.31-a0-1091-g283494c966 to
                  | 0.31-a0-1096-g246cf0196b
 62673 | Vaults:2 | Reached skill level 16 in Long Blades
 62764 | Vaults:2 | Received a gift from Okawaru
 63074 | Vaults:2 | Found a staircase to the Crypt.
 63074 | Vaults:2 | Found a basalt altar of Yredelemnul.
 63074 | Vaults:2 | Found an ancient bone altar of Kikubaaqudgha.
 63177 | Vaults:2 | Paralysed by a formless jellyfish for 1 turns
 63356 | Vaults:2 | Reached XP level 21. HP: 169/174 MP: 30/32
 64049 | Vaults:3 | Received a gift from Okawaru
 64584 | Vaults:3 | Received a gift from Okawaru
 64834 | Vaults:3 | Identified the +1 buckler of the Doldrums {Int+4}
 64882 | Vaults:3 | Found Umooly's Armour Boutique.
 64951 | Vaults:3 | Bought the +3 pair of gauntlets of War {Slay+5} for 807
                  | gold pieces
 64951 | Vaults:3 | Found the +3 pair of gauntlets of War {Slay+5}
 65382 | Vaults:4 | Found the +2 shield of Resistance {rF++ rC++ Will++}
 65490 | Vaults:4 | Reached skill level 5 in Translocations
 66203 | Vaults:4 | Received a gift from Okawaru
 66860 | Depths:1 | Entered Level 1 of the Depths
 66922 | Depths:1 | Found a basalt altar of Yredelemnul.
 66948 | Depths:1 | Found a transporter.
 66952 | Depths:1 | Found a transporter.
 66957 | Depths:1 | Noticed night's ghost (adept DgHu)
 66959 | Depths:1 | Noticed a caustic shrike
 66961 | Depths:1 | Noticed a caustic shrike
 67080 | Depths:1 | Found a gateway to Hell.
 67402 | Depths:1 | Reached skill level 1 in Earth Magic
 67461 | Depths:1 | Reached XP level 22. HP: 177/178 MP: 35/35
 67589 | Depths:1 | Killed a caustic shrike
 67589 | Depths:1 | Received a gift from Okawaru
 67599 | Depths:1 | Killed a caustic shrike
 67619 | Depths:1 | Killed night's ghost
 67641 | Depths:1 | Identified the +1 pair of gloves of Rem Heuh {Int+3}
 67865 | Depths:2 | Found Vuemogan's Book Boutique.
 68160 | Depths:2 | Found a one-way gateway to a ziggurat.
 68203 | Depths:2 | Reached skill level 10 in Spellcasting
 68259 | Depths:2 | Found a one-way gate leading to the halls of Pandemonium.
 68305 | Depths:2 | Identified the ring "Yfreat" {*Slow Will+ Int+5 Slay+4
                  | Stlth+}
 68547 | Depths:3 | Noticed a golden dragon
 68563 | Depths:3 | Received a gift from Okawaru
 68564 | Depths:3 | Killed a golden dragon
 68566 | Depths:3 | Reached skill level 15 in Armour
 68718 | Depths:3 | Identified the +4 hand axe "Pucvirr" {drain, SInv}
 68950 | Depths:3 | Noticed a golden dragon
 68958 | Depths:3 | Killed a golden dragon
 69049 | Depths:3 | Reached skill level 10 in Throwing
 69067 | Depths:3 | Reached skill level 5 in Earth Magic
 69258 | Depths:3 | Found a one-way gate to the infinite horrors of the Abyss.
 69558 | Depths:3 | Received a gift from Okawaru
 69979 | Depths:4 | Entered Level 4 of the Depths
 70325 | Depths:4 | Noticed a golden dragon
 70347 | Depths:4 | Killed a golden dragon
 70352 | Depths:4 | Received a gift from Okawaru
 70498 | Depths:4 | Found Lukyfuli's Book Shoppe.
 70504 | Depths:4 | Acquired 1170 gold pieces
 70598 | Depths:4 | Found a gate to the Realm of Zot.
 70627 | Depths:4 | Found Sovig's Self-Published Books.
 70659 | Depths:4 | Reached XP level 23. HP: 163/188 MP: 32/37
 71246 | Vaults:5 | Entered Level 5 of the Vaults
 71499 | Vaults:5 | Received a gift from Okawaru
 71883 | Vaults:5 | Received a gift from Okawaru
 72034 | Vaults:5 | Reached skill level 10 in Dodging
 72129 | Vaults:5 | Identified the +6 ring mail of Papi {rC+}
 72147 | Vaults:5 | Got the Treatise on Arcane Weapons
 72258 | Vaults:5 | Identified the +2 mace "Goun" {heavy, Will++ Dex+4}
 72258 | Vaults:5 | Identified the amulet of Gaoqi {Faith Int+3 Dex+2}
 72272 | Vaults:5 | Received a gift from Okawaru
 72342 | Vaults:5 | Identified the ring "Giytux Qenu" {rN+ Dex+3 Slay+4}
 72476 | Vaults:5 | Found Koolitiy's Magic Scroll Emporium.
 72484 | Vaults:5 | Bought a scroll of poison for 84 gold pieces
 72484 | Vaults:5 | Bought a scroll of teleportation for 63 gold pieces
 72522 | Vaults:5 | Identified the +0 robe of Xom's Favour {Fly Str+3 Archmagi}
 72620 | Vaults:5 | Got the Monograph on Voltage
 72621 | Vaults:5 | Identified the +2 mace "Batepid" {venom, Will+ Int+5}
 72765 | Vaults:5 | Got a silver rune of Zot
 72885 | Vaults:5 | Received a gift from Okawaru
 73686 | Crypt:1  | Entered Level 1 of the Crypt
 73695 | Crypt:1  | Noticed a royal mummy
 73731 | Crypt:1  | Noticed Khufu
 73742 | Vaults:2 | Killed a royal mummy
 73753 | Crypt:1  | Noticed a royal mummy
 73848 | Vaults:2 | Killed Khufu
 73901 | Vaults:2 | Killed a royal mummy
 74042 | Crypt:1  | Reached XP level 24. HP: 197/197 MP: 37/37
 74120 | Crypt:1  | Received a gift from Okawaru
 74317 | Crypt:1  | Reached skill level 10 in Translocations
 74379 | Crypt:1  | Got the Quarto of Combustive Geomancy
 75033 | Crypt:2  | Noticed Jory
 75215 | Crypt:2  | Reached skill level 17 in Long Blades
 75680 | Crypt:2  | Killed Jory
 75680 | Crypt:2  | Received a gift from Okawaru
 75707 | Crypt:2  | Reached skill level 15 in Shields
 76149 | Crypt:3  | Entered Level 3 of the Crypt
 76630 | Crypt:3  | Identified the +3 ring mail of Vepuomuc {rN+ Str+4}
 76720 | Crypt:3  | Received a gift from Okawaru
 76775 | Crypt:3  | Noticed a dread lich
 76791 | Crypt:3  | Killed a dread lich
 76803 | Crypt:3  | Found an ancient bone altar of Kikubaaqudgha.
 77067 | Crypt:3  | Found the +8 Vampire's Tooth {megavamp}
 77206 | Crypt:3  | Found a staircase to the Tomb.
 77825 | D:8      | Bought a potion of curing for 39 gold pieces
 77825 | D:8      | Bought a potion of curing for 39 gold pieces
 77825 | D:8      | Bought a wand of mindburst (8) for 145 gold pieces
 77973 | Orc:2    | Bought a scroll of teleportation for 45 gold pieces
 77973 | Orc:2    | Bought a scroll of poison for 60 gold pieces
 77973 | Orc:2    | Bought a scroll of teleportation for 45 gold pieces
 77973 | Orc:2    | Bought a scroll of teleportation for 45 gold pieces
 77973 | Orc:2    | Bought a scroll of poison for 60 gold pieces
 78121 | D:13     | Bought a potion of mutation for 128 gold pieces
 78121 | D:13     | Bought a wand of polymorph (7) for 156 gold pieces
 78121 | D:13     | Bought a potion of mutation for 128 gold pieces
 78247 | Zot:1    | Entered Level 1 of the Realm of Zot
 78370 | Zot:1    | Reached skill level 15 in Invocations
 78498 | Zot:2    | Received a gift from Okawaru
 78937 | Zot:2    | Gained mutation: You are surrounded by an aura of silence.
                  | [demonic ancestry]
 78937 | Zot:2    | Reached XP level 25. HP: 198/204 MP: 36/37
 79309 | Zot:2    | Identified the +3 whip "Dragonbane" {pain, rPois rF+ Str+2
                  | Dex-2}
 79612 | Zot:3    | Reached skill level 10 in Evocations
 79658 | Zot:3    | Reached skill level 18 in Long Blades
 79794 | Zot:3    | Received a gift from Okawaru
 80408 | Zot:4    | Got the Lectures on Mortification
 80590 | Zot:4    | Learned a level 4 spell: Iskenderun's Mystic Blast
 80952 | Zot:4    | Noticed an orb of fire
 80965 | Zot:4    | Killed an orb of fire
 80965 | Zot:4    | Received a gift from Okawaru
 81255 | Zot:4    | Reached skill level 19 in Long Blades
 81860 | Zot:5    | Entered Level 5 of the Realm of Zot
 82178 | Zot:5    | Received a gift from Okawaru
 82608 | Zot:5    | Noticed a Killer Klown
 82617 | Zot:5    | Killed a Killer Klown
 82730 | Zot:5    | Noticed a dread lich
 82732 | Zot:5    | Noticed a Killer Klown
 82737 | Zot:5    | Noticed an orb of fire
 82747 | Zot:5    | Killed a dread lich
 82749 | Zot:5    | Gained mutation: You are dopey. (Int -2) [an orb of fire]
 82753 | Zot:5    | Killed an orb of fire
 82754 | Zot:5    | Reached skill level 20 in Long Blades
 82755 | Zot:5    | Killed a Killer Klown
 82756 | Zot:5    | Reached skill level 15 in Throwing
 82756 | Zot:5    | Gained mutation: A powerful demonic guardian rushes to your
                  | aid. [demonic ancestry]
 82756 | Zot:5    | Reached XP level 26. HP: 161/211 MP: 17/37
 82804 | Zot:5    | Noticed an orb of fire
 82816 | Zot:5    | Killed an orb of fire
 83179 | Zot:5    | Noticed an orb of fire
 83193 | Zot:5    | Killed an orb of fire
 83197 | Zot:5    | Received a gift from Okawaru
 83199 | Zot:5    | Noticed an orb of fire
 83209 | Zot:5    | Killed an orb of fire
 83213 | Zot:5    | Noticed an orb of fire
 83227 | Zot:5    | Killed an orb of fire
 83231 | Zot:5    | Reached skill level 21 in Long Blades
 83315 | Zot:5    | Received a gift from Okawaru
 83891 | Zot:5    | Got the Orb of Zot
 83986 | Zot:2    | Noticed a seraph
 84265 | D:8      | Gained mutation: You are weak. (Str -2) [a cacodemon]
 84268 | D:8      | Lost mutation: You are weak. (Str -2) [potion of mutation]
 84268 | D:8      | Lost mutation: You are dopey. (Int -2) [potion of mutation]
 84268 | D:8      | Lost mutation: You have a pair of small horns on your head.
                  | [potion of mutation]
 84268 | D:8      | Gained mutation: Your body sometimes deteriorates upon
                  | taking damage. [potion of mutation]
 84268 | D:8      | Lost mutation: Your body sometimes deteriorates upon taking
                  | damage. [potion of mutation]
 84414 | D:$      | Escaped with the Orb!

Illustrated notes

Levels and vault maps discovered:
D:1:      dpeg_arrival_simpleton_c, layout_loops_ring, minmay_pentomino_z2
D:2:      layout_loops_ring, uniq_robin, uniq_sigmund
D:3:      layout_basic, general_overflow_altar, ebering_ecumenical_altar_hall,
          uniq_crazy_yiuf_cottage
D:4:      minmay_diamond_boxcup, layout_basic, elyvilon_altar_4,
          nrook_loot_triangle, kennysheep_generic_room_10, uniq_grinder
D:5:      gammafunk_cloud_chamber, layout_rooms, vehumet_altar_wand_db,
          lemuel_doored_altar, uniq_duvessa
D:6:      layout_basic, tgw_kikubaaqudgha, mainiacjoe_overflow_alcove_2,
          mainiacjoe_overflow_chevrons, feat_on_display
D:7:      layout_cave_pods, minmay_temple_entry_mini_moons,
          minmay_guarded_unrand_finisher
D:8:      layout_basic, serial_demonic, serial_demonic_f, serial_demonic_d,
          serial_demonic_c, serial_demonic_g, enter_ossuary_5, serial_shops,
          shop, nicolae_shop_mannequins, nicolae_twisty_statue_hallways
D:9:      layout_layer_cave, lemuel_crystal_altar, lair_entry_dummy,
          amethyst_killhole, nicolae_where_there's_smoke
D:10:     layout_roguey, makhleb_altar_promises_db,
          chequers_temple_overflow_minitemple, hellmonk_ghost_happy_afterlife,
          minmay_quadrilaterals
D:11:     layout_roguey, orc_0_dummy, uniq_fannar
D:12:     minmay_firetagon, layout_stronghold, chequers_garden
D:13:     layout_irregular_city, skrybe_vaults_entry_preservation,
          nicolae_transmutations_shop
D:14:     layout_roguey, uniq_snorg, uniq_frances
D:15:     gammafunk_depths_entry_grave, layout_cross, ebering_ghost_inner_flame,
          nicolae_gozag_seed_capital, uniq_kirke
Temple:   nicolae_temple_bog_church
Lair:1:   layout_roguey, grunt_megastairs_2, infiniplex_staircase_pool_2,
          lemuel_fruit_fields, uniq_gastronok, uniq_amaemon, uniq_harold
Lair:2:   layout_cave_pods, elwin_shoals_entry_rooms,
          spider_nest_entry_web_field, infiniplex_staircase_pool, uniq_erica,
          uniq_maggie
Lair:3:   layout_cave_pods, kennysheep_basilisk_garden
Lair:4:   layout_gridlike
Lair:5:   minmay_lair_end_frog_pond, layout_regular_city,
          dpeg_slime_entry_enclosed, st_stairs_7
Shoals:1: layout_shoals
Shoals:2: layout_shoals, ebering_ghost_xom, hangedman_shoals_cup_caves
Shoals:3: layout_shoals, ldierk_geyser, nicolae_shoals_hidden_pirate_stash
Shoals:4: shoals_end_grunt_ice, layout_shoals, nicolae_shoals_gull_way
Spider:1: layout_spider_delve, drop_trap
Spider:2: nicolae_spider_broodchamber, drop_trap, nicolae_spider_swamp_cousins,
          uniq_mlioglotl
Spider:3: layout_spider_delve, drop_trap, hangedman_spider_tarantella_strand
Spider:4: grunt_spider_rune_island, uniq_arachne
Orc:1:    layout_caves, basic_altar
Orc:2:    grunt_orc_community_town_hall, layout_caves,
          grunt_orc_community_big_house_1, grunt_orc_community_big_house_1,
          grunt_orc_community_house_1, grunt_orc_community_house_2,
          grunt_orc_community_house_2, grunt_orc_community_house_2,
          grunt_orc_community_house_1, portal_ice_cave_entry_pillars_2,
          uniq_donald, uniq_jorgrun
Elf:1:    eino_elf_arrival_shootout, layout_geoelf_octagon,
          gammafunk_ghost_ooze, serial_shops, nicolae_shop_peninsula,
          minmay_elf_demonology
Elf:2:    nicolae_elf_blades_splatter_lattice
          [nicolae_blade_entry_sentries_behind_glass], layout_loops_ring,
          minivault_15, elves_outpost_lemuel
Elf:3:    minmay_elf_hall_x, layout_geoelf_diagonals, serial_shops, shop
Vaults:1: gammafunk_ghost_necromancy, hangedman_vaults_nodes,
          vaults_room_semicircle, vaults_room_ringed_pool,
          hangedman_vaults_river_flow, hangedman_vaults_unwind,
          nicolae_vaults_know_your_exits, v_misc_9, v_misc_23,
          layout_vaults_omnicross, serial_shops, nicolae_shop_rolling_square
Vaults:2: portal_desolation_entry_garden, minmay_crypt_entry_necro_gods,
          nicolae_vaults_three_branches, vaults_dpeg_cross,
          nicolae_vaults_little_squares_3, v_misc_1,
          nicolae_vaults_double_plus_1, hangedman_vaults_maws, v_misc_27,
          nicolae_vaults_closet_pinwheel_1, layout_vaults_chaotic_city
Vaults:3: vaults_mumra_hex, grunt_vaults_focal, nicolae_vaults_turnstiles,
          special_room_vaults [special_room_orc], hangedman_vaults_pinch,
          nicolae_vaults_trapezoid_3, v_misc_22,
          nicolae_vaults_taking_the_gang_shopping, nicolae_vaults_puzzle_piece,
          nicolae_vaults_trapezoid_lopsided_1,
          nicolae_vaults_network_quinsquares
          [nicolae_vaults_network_quincunx_subvault,
          nicolae_vaults_network_quincunx_subvault,
          nicolae_vaults_network_quincunx_subvault,
          nicolae_vaults_network_quincunx_subvault],
          nicolae_vaults_circle_grid_a, layout_vaults_maze
Vaults:4: nicolae_vaults_network_star, hangedman_vaults_trim, vaults_room_pool,
          v_rooms_6, nicolae_vaults_steering_wheel, nicolae_vaults_asterisk,
          nicolae_vaults_tetromino_T_1, nicolae_vaults_hexular_roomagon,
          vaults_mumra_chevron_long, ontoclasm_vaults_ligature,
          nicolae_vaults_apartment_1, nicolae_vaults_trapezoid_lopsided_3,
          hangedman_vaults_cutoff, vaults_room_fours, layout_vaults_omnigrid
Vaults:5: serial_shops
Crypt:1:  hangedman_staggered_hall, layout_basic, uniq_khufu
Crypt:2:  layout_misc_corridors, beargit_elvish_explorers, grunt_megastairs_3,
          uniq_jory
Crypt:3:  cryptofortress_bobbens
Depths:1: layout_roguey, gammafunk_ghost_berserking_beasts, solitary_fountain,
          pf_vacation_house_of_asmodeus, minmay_misc_feat_five, chequers_jeans,
          yredelemnul_forgotten_temple_becter
Depths:2: hangedman_cross_stitches, layout_cave_pools, enter_ziggurat_b,
          rand_demon_pan_entry_3, hell_entry, serial_shops, shop,
          serial_bayou_shore_b
Depths:3: minmay_ambush_box, layout_gridlike, minmay_room_of_horrors,
          hell_entry, grunt_megastairs_4
Depths:4: grunt_zot_entry_alcove, layout_basic, serial_shops, shop,
          hangedman_coc_ice_floe, nicolae_figureground_pulse,
          abyss_entry_crystal, nicolae_custom_books
Zot:1:    layout_basic, bh_zot_ikea_curve, hangedman_swamp_dais
Zot:2:    layout_onion, grunt_megastairs_5
Zot:3:    layout_misc_corridors
Zot:4:    kennysheep_bubbly, layout_basic, grunt_megastairs_1
Zot:5:    layout_misc_corridors, grunt_ministairs_6, st_stairs_1

Skill      XL: |  1  2  3  4  5  6  7  8  9 10 11 12 13 14 15 16 17 18 19 20 21 22 23 24 25 26 |
---------------+-------------------------------------------------------------------------------+-----
Stealth        | 1 2 3 |  3.0
Fighting       | 2 3 4 5 6 10 11 12 13 16 17 18 | 18.0
Short Blades   | 1 2 |  2.0
Dodging        | 2 3 4 6 8 9 10 11 | 11.0
Armour         | 2 4 5 6 7 9 11 12 13 15 | 15.0
Ranged Weapons | 1 3 5 8 |  8.5
Long Blades    | 7 11 13 14 15 16 17 20 21 | 21.6
Invocations    | 7 8 9 10 11 13 15 | 15.0
Throwing       | 3 5 6 7 9 10 11 13 15 16 | 16.0
Conjurations   | 4 7 9 10 11 12 13 | 13.9
Transmutations | 4 6 8 9 10 11 | 11.0
Spellcasting   | 2 4 6 7 9 10 | 10.0
Evocations     | 4 5 6 9 11 | 11.0
Shields        | 5 12 13 14 15 | 15.0
Translocations | 3 5 8 9 11 | 11.0
Earth Magic    | 1 6 7 |  7.0

Action                     |  1- 3 |  4- 6 |  7- 9 | 10-12 | 13-15 | 16-18 | 19-21 | 22-24 | 25-27 || total
---------------------------+-------+-------+-------+-------+-------+-------+-------+-------+-------++-------
  Melee: Club              |    36 |       |       |       |       |       |       |       |       ||    36
         Dagger            |   107 |   187 |       |       |       |       |       |       |       ||   294
         Punch             |     1 |     1 |     5 |    13 |    29 |    11 |       |       |       ||    60
         Kick              |       |    63 |    76 |    61 |       |   252 |   489 |   682 |   273 ||  1896
         Spear             |       |    25 |   244 |     7 |       |       |       |       |       ||   276
         Whip              |       |       |    26 |       |       |       |       |       |       ||    26
         Short sword       |       |       |    21 |    16 |       |       |       |       |       ||    37
         Demon blade       |       |       |       |   574 |  1593 |  1104 |   216 |       |       ||  3487
         Scimitar          |       |       |       |       |     6 |       |       |       |       ||     6
         Triple sword      |       |       |       |       |    15 |       |       |       |       ||    15
         Headbutt          |       |       |       |       |       |   116 |   304 |   402 |   164 ||   986
         Katana            |       |       |       |       |       |       |   967 |  1782 |   911 ||  3660
  Throw: Stone             |       |     5 |    35 |    28 |    37 |       |       |       |       ||   105
         Boomerang         |       |       |       |       |    30 |   360 |   612 |   655 |   286 ||  1943
         Dart              |       |       |       |       |     3 |     6 |       |       |       ||     9
         Throwing net      |       |       |       |       |     6 |       |     1 |       |       ||     7
         Javelin           |       |       |       |       |       |     3 |    10 |       |       ||    13
   Cast: Irradiate         |       |       |       |       |       |   217 |    77 |    20 |     7 ||   321
         Apportation       |       |       |       |       |       |       |    18 |     1 |       ||    19
         Manifold Assault  |       |       |       |       |       |       |     2 |    58 |   103 ||   163
         Passwall          |       |       |       |       |       |       |       |       |     1 ||     1
 Invoke: Heroism           |       |       |       |     1 |     7 |     5 |     3 |     2 |     3 ||    21
         Receive Armour    |       |       |       |       |     1 |       |       |       |       ||     1
         Finesse           |       |       |       |       |     2 |     3 |     4 |     4 |     1 ||    14
         Duel              |       |       |       |       |     1 |     3 |     1 |       |       ||     5
         Receive Weapon    |       |       |       |       |     1 |       |       |       |       ||     1
Ability: Evoke Blink       |       |       |       |       |       |       |       |       |     4 ||     4
  Evoke: Wand              |       |       |    33 |     3 |     8 |    13 |     2 |     2 |     4 ||    65
         Tin of tremorston |       |       |       |       |       |     3 |     7 |     5 |     4 ||    19
         Lightning rod     |       |       |       |       |       |       |    19 |    10 |       ||    29
         Phial of floods   |       |       |       |       |       |       |     1 |     1 |     1 ||     3
    Use: Potion            |       |       |     2 |     6 |     6 |    10 |     4 |     7 |    22 ||    57
         Scroll            |       |       |    12 |    15 |    14 |    18 |    10 |    11 |    10 ||    90
   Stab: Sleeping          |     4 |     4 |     4 |     1 |       |     1 |     2 |       |       ||    16
         Distracted        |       |     1 |       |       |       |       |       |     1 |       ||     2
         Invisible         |       |       |       |       |     5 |       |       |     7 |     2 ||    14
         Held in net/web   |       |       |       |       |       |       |     1 |       |       ||     1
 Armour: Leather armour    |    82 |    87 |   119 |     4 |       |       |       |       |       ||   292
         Scale mail        |       |       |       |   396 |   736 |   700 |   230 |       |       ||  2062
         Plate armour      |       |       |       |       |       |       |   230 |   672 |   297 ||  1199
  Dodge: Dodged            |    82 |   100 |   172 |   282 |   574 |   687 |   293 |   352 |   139 ||  2681
  Block: Other             |       |       |    40 |    87 |   209 |   137 |       |       |       ||   473
         Reflection        |       |       |       |     1 |    10 |    39 |    97 |       |       ||   147
         Kite shield       |       |       |       |       |       |   397 |   627 |   712 |   235 ||  1971

Table legend: (Time is in decaauts)
 A = Elapsed time spent in this place.
 B = Non-inter-level travel time spent in this place.
 C = Inter-level travel time spent in this place.
 D = Time resting spent in this place.
 E = Time spent auto-exploring this place.
 F = Levels seen in this place.
 G = Mean time per level.
                   A        B        C        D        E       F      G
               +--------+--------+--------+--------+--------+-----+--------+
         Total |  82414 |  76704 |   5710 |   6196 |  52665 |  58 | 1420.9 |
       Dungeon |  25001 |  22941 |   2060 |    496 |  18169 |  15 | 1666.7 |
        Temple |     17 |     17 |      0 |      0 |     16 |   1 |   17.0 |
          Lair |   8618 |   8177 |    441 |    226 |   6220 |   5 | 1723.6 |
        Shoals |   6849 |   6499 |    350 |    660 |   4362 |   4 | 1712.2 |
   Spider Nest |   8889 |   8708 |    181 |   1552 |   5377 |   4 | 2222.2 |
  Orcish Mines |   2628 |   2414 |    214 |    388 |   1346 |   2 | 1314.0 |
   Elven Halls |   7703 |   7263 |    440 |   1393 |   4455 |   3 | 2567.7 |
        Vaults |   8130 |   7344 |    786 |    327 |   4807 |   5 | 1626.0 |
         Crypt |   3360 |   3120 |    240 |    130 |   1927 |   3 | 1120.0 |
        Depths |   4432 |   3889 |    543 |     56 |   3000 |   4 | 1108.0 |
           Zot |   5292 |   4843 |    449 |    873 |   2486 |   5 | 1058.4 |
       Ossuary |    361 |    361 |      0 |      0 |    150 |   1 |  361.0 |
    Desolation |   1026 |   1026 |      0 |     59 |    339 |   1 | 1026.0 |
         Arena |    101 |    101 |      0 |     33 |     10 |   5 |   20.2 |
               +--------+--------+--------+--------+--------+-----+--------+

Top non-repeatable levels by time:
   Elf:2: 3322 daAuts
    D:12: 2761 daAuts
Spider:3: 2690 daAuts
     D:7: 2648 daAuts
     D:9: 2554 daAuts
  Lair:2: 2422 daAuts
   Elf:1: 2344 daAuts
Spider:4: 2313 daAuts
  Lair:5: 2305 daAuts
    D:15: 2250 daAuts
Shoals:4: 2219 daAuts
Shoals:2: 2123 daAuts
Spider:2: 2103 daAuts
   Zot:4: 2040 daAuts
   Elf:3: 2036 daAuts
